 Dungeon Crawl Stone Soup version 0.32-a0-799-g95e1662365 (webtiles) character file.

Game seed: 12453053359524138550

53 adelrune the Chopper (level 3, -2/28 HPs)
             Began as a Demonspawn Gladiator on Mar 21, 2024.
             Slain by a gnoll
             ... wielding a +0 spear
              (3 damage)
             ... on level 3 of the Dungeon.
             The game lasted 00:03:08 (1939 turns).

adelrune the Chopper (Demonspawn Gladiator)         Turns: 1939, Time: 00:03:09

Health: -2/28      AC:  6    Str: 22    XL:     3   Next: 64%
Magic:  3/3        EV: 11    Int:  8    God:
Gold:   91         SH:  0    Dex: 16    Spells: 2/2 levels left

rFire   . . .        a - +0 war axe
rCold   . . .        (no shield)
rNeg    . . .        r - +0 ring mail
rPois   .            c - +0 helmet
rElec   .            (no cloak)
rCorr   .            (no gloves)
SInv    .            (no boots)
Will    .....        (no amulet)
Stlth   ++           q - +6 ring of strength
HPRegen 0.24/turn    (no ring)
MPRegen 0.08/turn

%: no passive effects
@: no status effects
A: thin skeletal structure 1, demonic touch 1
a: no special abilities


You were on level 3 of the Dungeon.
You visited 1 branch of the dungeon, and saw 3 of its levels.

You collected 154 gold pieces.
You spent 63 gold pieces at shops.

Inventory:

Hand Weapons
 a - a +0 war axe (weapon)
Missiles
 d - 5 throwing nets (quivered)
 e - a javelin
Armour
 c - a +0 helmet (worn)
 r - a +0 ring mail (worn)
Jewellery
 q - a +6 ring of strength (left hand)
Scrolls
 f - a scroll of torment {unknown}
 h - a scroll of immolation {unknown}
 l - 3 scrolls of identify
 n - a scroll of silence {unknown}
 o - 2 scrolls of noise {unknown}
 p - a scroll of blinking {unknown}
 s - a scroll of amnesia {unknown}
Potions
 b - a potion of haste {unknown}
 g - a potion of might {unknown}
 i - 2 potions of curing
 j - a potion of lignification {unknown}
 k - 2 potions of brilliance {unknown}
 m - 2 potions of attraction {unknown}


   Skills:
 + Level 2.5 Fighting
 * Level 3.5 Axes
 - Level 1.7 Throwing
 + Level 1.4 Armour
 - Level 2.6 Dodging


You had 2 spell levels left.
You didn't know any spells.
Your spell library contained the following spells:

 Spells                   Type           Power      Damage    Failure   Level
 Cigotuvi's Dreadful Rot  Necr/Alch/Air  0%         N/A       71%         2
 Dispel Undead            Necr           0%         3d6       100%        4
 Martyr's Knell           Necr/Summ      0%         N/A       100%        4


Dungeon Overview and Level Annotations

Branches:
Dungeon (3/15)

Altars:

Shops:
D:2 !**[?   D:3 (


Innate Abilities, Weirdness & Mutations

You have a somewhat thin skeletal structure. (Dex +2, Stealth+)
Your touch may inflict minor irresistible damage on your foes.


Message History

A gnoll comes into view. It is wielding a +0 spear.
The gnoll shouts! x3
You have 91 gold pieces.
Unknown command.
You hit the gnoll.
The gnoll is moderately wounded.
The gnoll hits you with a +0 flail!
You barely miss the gnoll.
The gnoll is moderately wounded.
You hit the gnoll.
The gnoll hits you from afar with a +0 spear.
The gnoll hits you but does no damage.
The gnoll hits you from afar with a +0 spear.
The gnoll barely misses you. The gnoll hits you with a +0 flail.
The gnoll misses you.
You are too injured to fight recklessly!
The gnoll hits you but does no damage. The gnoll barely misses you.
The gnoll attacks as it pursues you! The gnoll completely misses you.
You barely miss the gnoll.
The gnoll is moderately wounded.
You hit the gnoll.
The gnoll is heavily wounded.
The gnoll barely misses you. x2; The gnoll misses you.
You closely miss the gnoll.
The gnoll is heavily wounded.
The gnoll closely misses you. The gnoll hits you with a +0 flail.
The gnoll closely misses you.
You hit the gnoll.
The gnoll is severely wounded.
You hit the gnoll but do no damage. The gnoll hits you with a +0 flail.
* * * LOW HITPOINT WARNING * * *
The gnoll hits you from afar with a +0 spear.
* * * LOW HITPOINT WARNING * * *
The gnoll hits you with a +0 whip.
* * * LOW HITPOINT WARNING * * *
You barely miss the gnoll.
You touch the gnoll.
You kill the gnoll!
You hit the gnoll.
The gnoll hits you from afar with a +0 spear.
You die...

#.......... .. #. #
###.#####.##.
..#..#.##.........##.
###.#.......#####.##.
....####†..#........
#..####..$#.###.###
#....##.....# #....
#.)#.#....### #.###
#.@gg.....#####.###
####g#.............
#.#....#####.###
...>...# #.##.
#......## #.#..
#.....## #....
......# ##### #.#...#


You could see 3 gnolls.

Vanquished Creatures
  A gnoll (D:3)
  A dart slug (D:1)
  7 ball pythons
  3 bats
  8 endoplasms
  2 giant cockroaches (D:1)
  5 goblins
  4 hobgoblins
  3 jackals (D:1)
  4 kobolds (D:1)
  A quokka (D:1)
  4 frilled lizards
  4 rats
47 creatures vanquished.

Notes
Turn   | Place    | Note
-------+----------+-------------------------------------------
     0 | D:1      | adelrune the Demonspawn Gladiator began the quest for the
                  | Orb.
     0 | D:1      | Reached XP level 1. HP: 16/16 MP: 1/1
    41 | D:1      | Reached skill level 3 in Axes
    86 | D:1      | Gained mutation: Your touch may inflict minor irresistible
                  | damage on your foes. [demonic ancestry]
    86 | D:1      | Reached XP level 2. HP: 22/22 MP: 2/2
   458 | D:1      | Reached skill level 1 in Armour
   628 | D:1      | Gained mutation: You have a somewhat thin skeletal
                  | structure. (Dex +2, Stealth+) [demonic ancestry]
   628 | D:1      | Reached XP level 3. HP: 28/28 MP: 3/3
  1056 | D:2      | Found Dicsoqec's Assorted Antiques.
  1072 | D:2      | Found Atuhum's General Store.
  1116 | D:2      | Found Arghaheo's Distillery.
  1124 | D:2      | Bought a potion of curing for 39 gold pieces
  1409 | D:2      | Found Coint's Magic Scroll Shop.
  1410 | D:2      | Found Vufyolo's Armour Shoppe.
  1417 | D:2      | Bought a scroll of identify for 24 gold pieces
  1863 | D:3      | Found Aripan's Weapon Shop.
  1938 | D:3      | HP: 1/28 [gnoll/+0 whip (2)]
  1939 | D:3      | Slain by a gnoll

Illustrated notes

Levels and vault maps discovered:
D:1:      spicycebolla_arrival_ecumenical, layout_basic
D:2:      layout_basic, serial_shops, nicolae_shop_waterfront, shop,
          nicolae_shop_rolling_square,
          nicolae_shop_temple_entry_statues_fountains, shop
D:3:      layout_loops_ring, mainiacjoe_overflow_alcove_1, serial_aquarium,
          aquarium_bridge_square [aquarium_subvault_bridge,
          aquarium_subvault_bridge, aquarium_subvault_bridge,
          aquarium_subvault_window], aquarium_bridge_straight
          [aquarium_subvault_bridge, aquarium_subvault_window,
          aquarium_subvault_bridge, aquarium_subvault_wall], aquarium_window_1,
          aquarium_window_fake, aquarium_view_2c, aquarium_balcony_5b,
          serial_shops, nicolae_shop_waterfront

Skill      XL: |  1  2 |
---------------+-------+-----
Axes           | 3 |  3.5
Armour         | 1 |  1.4
Fighting       | |  2.5
Throwing       | |  1.7
Dodging        | |  2.6

Action                     || total
---------------------------++-------
  Melee: War axe           ||    86
         Touch             ||    10
   Stab: Sleeping          ||     2
 Armour: Leather armour    ||    59
         Ring mail         ||    20
  Dodge: Dodged            ||    57

Table legend: (Time is in decaauts)
 A = Elapsed time spent in this place.
 B = Non-inter-level travel time spent in this place.
 C = Inter-level travel time spent in this place.
 D = Time resting spent in this place.
 E = Time spent auto-exploring this place.
 F = Levels seen in this place.
 G = Mean time per level.
                   A        B        C        D        E       F      G
               +--------+--------+--------+--------+--------+-----+--------+
         Total |   1969 |   1870 |     99 |    139 |   1451 |   3 |  656.3 |
       Dungeon |   1969 |   1870 |     99 |    139 |   1451 |   3 |  656.3 |
               +--------+--------+--------+--------+--------+-----+--------+

Top non-repeatable levels by time:
     D:1: 965 daAuts
     D:2: 857 daAuts
     D:3: 146 daAuts
